 Dungeon Crawl Stone Soup version 0.31.0-11-ge490571c62 (webtiles) character file.

Game seed: 7849435334388833256

93 hawla the Ducker (level 4, 0/40 HPs)
             Began as a Minotaur Fighter on Feb 7, 2024.
             Slain by Grinder (6 damage)
             ... on level 3 of the Dungeon.
             The game lasted 00:06:54 (2015 turns).

hawla the Ducker (Minotaur Fighter)                 Turns: 2015, Time: 00:06:54

Health: 0/40       AC: 12    Str: 23    XL:     4   Next: 36%
Magic:  3/3        EV: 10    Int:  5    God:
Gold:   61         SH:  4    Dex:  9    Spells: 3/3 levels left

rFire   . . .        a - +0 war axe (spect)
rCold   . . .        c - +0 buckler
rNeg    . . .        b - +0 scale mail
rPois   .            (helmet restricted)
rElec   .            (no cloak)
rCorr   +            m - +2 pair of gloves
SInv    .            (no boots)
Will    .....        (no amulet) Stlth
                     f - ring of resist corrosion
HPRegen 0.26/turn    (no ring)
MPRegen 0.08/turn

%: no passive effects
@: mighty
A: horns 2, retaliatory headbutt, iridescent scales 1, MP-powered wands
a: no special abilities


You were on level 3 of the Dungeon.
You visited 1 branch of the dungeon, and saw 3 of its levels.

You collected 61 gold pieces.

Inventory:

Hand Weapons
 a - a +0 spectral war axe (weapon)
 h - the +9 sling of Kachop Xuek {drain, rN+ rCorr Str+2 Int+4}
   (You found it on level 3 of the Dungeon)

   Str+2:     It affects your strength (+2).
   Int+4:     It affects your intelligence (+4).
   rN+:       It protects you from negative energy.
   rCorr:     It protects you from acid and corrosion.
Armour
 b - a +0 scale mail (worn)
 c - a +0 buckler (worn)
 m - a +2 pair of gloves (worn)
Jewellery
 f - a ring of resist corrosion (left hand)
Scrolls
 i - a scroll of identify
Potions
 l - a potion of cancellation


   Skills:
 + Level 4.0 Fighting
 - Level 2.4 Axes
 - Level 3.6 Armour
 - Level 4.0 Dodging
 + Level 4.0 Shields


You had 3 spell levels left.
You didn't know any spells.
Your spell library was empty.

Dungeon Overview and Level Annotations

Branches:
Dungeon (3/15)

Altars:
Wu Jian

Annotations:
D:3 Grinder


Innate Abilities, Weirdness & Mutations

You have a pair of horns on your head.
You reflexively headbutt those who attack you in melee.
You are partially covered in iridescent scales. (AC +2)
You expend magic power (3 MP) to strengthen your wands.


Message History

Fire: h) +9 sling of Kachop Xuek {drain, rN+ rCorr Str+2 Int+4}
Press: ? - help, Q - select action Shift-Dir - straight line, f - centaur, p - Grinder
Aim: a centaur, wielding a +0 shortbow (75% to hit)
You shoot a sling bullet.
The sling bullet completely misses the centaur.
The centaur shoots an arrow.
You block the arrow.
The centaur shoots an arrow.
The arrow hits you!
* * * LOW HITPOINT WARNING * * *
You feel better.
The centaur shoots an arrow.
The arrow hits you but does no damage.
The centaur shoots an arrow.
You block the arrow.
The centaur shoots an arrow.
The arrow hits you.
* * * LOW HITPOINT WARNING * * *
Grinder blinks!
You close the door.
A centaur opens the door.
Grinder blinks!
As you read the scroll labelled ESTUVIC AROA, it crumbles to dust.
You feel aware of your surroundings.
It was a scroll of revelation.
The centaur shoots an arrow.
The arrow barely misses you.
Found 2 gold pieces and a scroll of identify.
You feel a bond with your +0 spectral war axe.
a - a +0 spectral war axe (weapon)
Grinder attacks as she pursues you! Grinder barely misses you.
You hit Grinder. You headbutt Grinder.
Grinder is moderately wounded.
Your +0 spectral war axe closely misses Grinder.
Grinder gestures at you.
You suddenly lose the ability to move!
Your +0 spectral war axe disappears.
Grinder gestures at you.
You shrug off the repeated paralysis!
Grinder hits you.
* * * LOW HITPOINT WARNING * * *
You can move again.
You feel very mighty all of a sudden. Grinder barely misses you.
You slash Grinder!
Grinder is heavily wounded.
Your +0 spectral war axe hits Grinder!
Grinder hits you.
You die...
Grinder sighs, "Dead already?
I want a refund."

,***,** #.# **********,*** *,
####.## #.############.# *,
#.....#### #.############.# *,
#........###.############+## *,
#.##..##.##...##########...#* *,
#.##..##.##...#########.....** **
#.##..##.##...#.######......,**
...#..##.###.#...####.).....,,***
................@5c.'.......,,+,,
......######.#..(####.......,,***
#.##.## #.##.######......,**
####.# #.##########.....** #.#
*#.##.########...#* #.#
*...$..########+## # #.#
*...?.......###.#****** # #.#
*>..........###..,,,,,, # *,*
*****,*,,,*************


You could see Grinder, a centaur and a friendly +0 spectral war axe.

Vanquished Creatures
  Robin (D:3)
  An adder (D:2)
  2 ribbon worms (D:2)
  2 dart slugs
  3 orcs (D:3)
  7 endoplasms
  15 goblins
  2 hobgoblins (D:3)
  3 quokkas
  8 ball pythons
  4 bats
  4 frilled lizards
  3 kobolds
  3 rats
58 creatures vanquished.

Notes
Turn   | Place    | Note
-------+----------+-------------------------------------------
     0 | D:1      | hawla the Minotaur Fighter began the quest for the Orb.
     0 | D:1      | Reached XP level 1. HP: 19/19 MP: 0/0
    83 | D:1      | Reached skill level 1 in Dodging
   139 | D:1      | Reached XP level 2. HP: 25/26 MP: 1/1
   690 | D:2      | Reached XP level 3. HP: 31/31 MP: 2/2
  1703 | D:3      | Gained mutation: You passively map a small area around you.
                  | [potion of mutation]
  1704 | D:3      | Lost mutation: You passively map a small area around you.
                  | [potion of mutation]
  1704 | D:3      | Gained mutation: You expend magic power (3 MP) to
                  | strengthen your wands. [potion of mutation]
  1704 | D:3      | Gained mutation: You are partially covered in iridescent
                  | scales. (AC +2) [potion of mutation]
  1736 | D:3      | Identified the +9 sling of Kachop Xuek {drain, rN+ rCorr
                  | Str+2 Int+4}
  1762 | D:3      | Found an ornate altar of the Wu Jian Council.
  1801 | D:3      | Reached XP level 4. HP: 40/40 MP: 3/3
  1840 | D:3      | Noticed Robin
  1847 | D:3      | Killed Robin
  1993 | D:3      | Noticed Grinder
  1993 | D:3      | Noticed a centaur
  1997 | D:3      | Paralysed by Grinder for 5 turns
  2002 | D:3      | HP: 1/40 [centaur/arrow (9)]
  2011 | D:3      | Paralysed by Grinder for 3 turns
  2015 | D:3      | Slain by Grinder

Illustrated notes

Levels and vault maps discovered:
D:1:      reono_arrival_forest_river, layout_basic,
          minmay_misc_feat_four_crosses
D:2:      layout_basic, hangedman_feature_mirror, fountainhead,
          grunt_decor_resistance
D:3:      layout_loops_corners, mainiacjoe_overflow_concentric_impassable,
          kennysheep_cluttered_room, serial_bayou_lake_a, uniq_ijyb,
          uniq_grinder, uniq_robin

Skill      XL: |  1  2  3  4 |
---------------+-------------+-----
Dodging        | 1 3 4 |  4.0
Shields        | 4 |  4.0
Fighting       | 4 |  4.0
Axes           | |  2.4
Armour         | |  3.6

Action                     |  1- 3 |  4- 6 || total
---------------------------+-------+-------++-------
  Melee: War axe           |    66 |    15 ||    81
         Headbutt          |     6 |     4 ||    10
   Fire: Sling             |       |     2 ||     2
    Use: Scroll            |     6 |     1 ||     7
         Potion            |     2 |     2 ||     4
 Armour: Scale mail        |    32 |    21 ||    53
  Dodge: Dodged            |    30 |     7 ||    37
  Block: Buckler           |    12 |     6 ||    18
